 Dungeon Crawl Stone Soup version 0.31.0-4-g52a2dc7128 (webtiles) character file.

Game seed: 17055469848595008995

1187 Aviak the Sneak (level 8, -1/54 HPs)
             Began as a Spriggan Alchemist on Jan 21, 2024.
             Killed by divine providence
             ... invoked by an orc priest
              (13 damage)
             ... on level 6 of the Dungeon.
             The game lasted 00:09:41 (5088 turns).

Aviak the Sneak (Spriggan Alchemist)                Turns: 5088, Time: 00:09:42

Health: -1/54      AC: 24    Str: 13    XL:     8   Next: 19%
Magic:  14/18      EV:  4    Int: 14    God:
Gold:   213        SH:  0    Dex: 18    Spells: 16/19 levels left

rFire   + + +        o - +8 hand axe of the Building Gods {freeze, rF+++ Str+3 Int-2 SInv}
rCold   . . .        (no shield)
rNeg    . . .        a - melded +0 robe
rPois   +            (helmet currently unavailable)
rElec   .            y - melded +0 cloak {rPois}
rCorr   .            (gloves unavailable)
SInv    +            (boots unavailable)
Will    +....        (no amulet)
Stlth   ++++         d - +6 ring of strength
HPRegen 0.29/turn    (no ring)
MPRegen 0.16/turn

%: no passive effects
@: tree-form
A: stationary, stasis, torment immunity, boosted hp, very small, no large
weapons, unfitting armour, see invisible, (speed 3)
a: no special abilities


You were on level 6 of the Dungeon.
You were a tree.
You visited 1 branch of the dungeon, and saw 6 of its levels.

You collected 340 gold pieces.
You spent 127 gold pieces at shops.

Inventory:

Hand Weapons
 e - a +0 short sword
 g - a +0 dagger
 o - the +8 hand axe of the Building Gods (weapon) {freeze, rF+++ Str+3 Int-2 SInv}
   (You found it on level 2 of the Dungeon)

   Str+3:     It affects your strength (+3).
   Int-2:     It affects your intelligence (-2).
   rF+++:     It renders you almost immune to fire.
   SInv:      It lets you see invisible.
Armour
 a - a +0 robe (melded)
 s - a +0 buckler
 y - a +0 cloak of poison resistance (melded)
Jewellery
 d - a +6 ring of strength (left branch)
 j - a ring of magical power
 t - a ring of ice
Talismans
 i - a maw talisman
Wands
 p - a wand of roots (10)
Scrolls
 f - 3 scrolls of identify {unknown}
 h - 2 scrolls of teleportation {unknown}
 k - a scroll of noise {unknown}
 q - a scroll of butterflies {unknown}
 r - 3 scrolls of amnesia {unknown}
Potions
 b - a potion of magic
 c - a potion of lignification {!q}
 l - 2 potions of brilliance {unknown}
 m - a potion of enlightenment {unknown}
 n - a potion of berserk rage {unknown}
 u - 2 potions of curing {unknown}
 v - a potion of attraction {unknown}
 w - a potion of haste {unknown}
 x - a potion of cancellation {unknown}
 z - a potion of heal wounds {unknown}


   Skills:
 + Level 6.5 Dodging
 + Level 7.7 Stealth
 + Level 6.0 Spellcasting
 - Level 2.5 Conjurations
 + Level 5.9 Alchemy


You had 16 spell levels left.
You knew the following spells:

 Your Spells              Type           Power      Damage    Failure   Level
a - Sting                 Conj/Alch      64%        1d7       2%          1
b - Mercury Vapours       Alch/Air       24%        N/A       7%          2

Your spell library contained the following spells:

 Spells                   Type           Power      Damage    Failure   Level
 Mephitic Cloud           Conj/Alch/Air  12%        N/A       14%         3
 Olgreb's Toxic Radiance  Alch           20%        N/A       14%         4
 Inner Flame              Hex/Fire       4%         N/A       43%         3
 Sticky Flame             Fire/Alch      12%        2d5       43%         4
 Flame Wave               Conj/Fire      7%         2d5       67%         4
 Passage of Golubria      Tloc           4%         N/A       83%         4
 Silence                  Hex/Air        2%         N/A       99%         5
 Lehudib's Crystal Spear  Conj/Erth      3%         10d3      100%        8


Dungeon Overview and Level Annotations

Branches:
Dungeon (6/15)
 Temple: D:4-7

Altars:
Makhleb

Shops:
D:3 (   D:5 [

Annotations:
D:4 2 transporters, Farlane's ghost, novice HOMo


Innate Abilities, Weirdness & Mutations

You are a tree.
Your roots penetrate the ground, keeping you stationary.
You cannot be teleported.
You are immune to unholy pain and torment.
Your maximum health is greatly increased.
Your equipment is partially melded.
You are very small and have problems with some larger weapons.
You are too small for most types of armour.
You have supernaturally acute eyesight. (SInv)
((You cover ground extremely quickly. (Speed+++)))


Message History

Confirm with . or Enter, or press ? or * to list all spells.
Aiming: Mercury Vapours (safe; 7% risk of failure)
Press: ? - help, Dir - move target, f/p - orc priest
Aim: an orc priest, wielding a +0 war axe and wearing a +0 ring mail (heavily wounded, very poisoned, weak, chance to weaken: 99%) Fumes of mercury billow around the orc priest!
The orc priest looks even sicker.
The orc priest looks even weaker. x2
The orc priest begins to cast a cantrip, but forgets the words!
You hit the orc priest. You freeze the orc priest.
The orc priest is severely wounded.
The orc priest mumbles some strange prayers to Beogh against you.
Pain shoots through your body! The orc priest barely misses you.
You hit the orc priest but do no damage.
The orc priest is severely wounded.
The orc priest closely misses you.
You hit the orc priest but do no damage.
The orc priest is severely wounded.
The orc priest hits you with a +0 war axe.
You hit the orc priest but do no damage.
The orc priest is severely wounded.
You hit the orc but do no damage. The orc priest closely misses you.
The orc misses you. The orc hits you but does no damage.
The orc priest hits you with a +0 war axe.
You closely miss the orc priest.
The orc priest is almost dead.
You barely miss the orc. The orc barely misses you.
The orc priest calls down the wrath of Beogh upon you.
Beogh smites you!
* * * LOW HITPOINT WARNING * * *
It was a potion of lignification.
You turn into a tree.
Your +0 cloak of poison resistance melds into your body.
Your +0 robe melds into your body.
You no longer feel resistant to poison.
Your roots penetrate the ground.
The orc priest hits you with a +0 war axe.
* * * LOW HITPOINT WARNING * * *
You completely miss the orc priest. Your punch misses the orc priest.
The orc priest is severely wounded.
You closely miss the orc.
The orc priest invokes the aid of Beogh against you.
Beogh smites you!
You die...

#.##..### #.......#
#. #.##..#.# .. ..
#..#.###.#### #
#[...........
####.###.####
.#.#####.###.######
#........##........
#.###.....♣o..#
#........o.#.#
#.###.#.###o# #.#.#
.# #.#.. .. #.####
... #. ##.# #. .#


You could see 2 orc priests and an orc.

Vanquished Creatures
  Eustachio (D:4)
  An ice beast (D:5)
  An ogre (D:4)
  A bullfrog (D:5)
  3 scorpions (D:5)
  3 orc priests
  A hound (D:6)
  A bombardier beetle (D:4)
  2 gnoll boudas
  Natasha (thrice) (D:3)
  An orc wizard (D:6)
  Robin (D:4)
  12 gnolls
  9 adders
  A shadow imp (D:5)
  A white imp (D:4)
  4 ribbon worms
  2 dart slugs (D:3)
  6 orcs
  5 bats
  7 endoplasms
  6 giant cockroaches
  17 goblins
  5 hobgoblins
  5 jackals
  5 quokkas
  7 ball pythons
  2 frilled lizards
  10 kobolds
  8 rats
131 creatures vanquished.

Notes
Turn   | Place    | Note
-------+----------+-------------------------------------------
     0 | D:1      | Aviak the Spriggan Alchemist began the quest for the Orb.
     0 | D:1      | Reached XP level 1. HP: 9/9 MP: 5/5
   147 | D:1      | Reached XP level 2. HP: 8/13 MP: 1/6
   402 | D:1      | Reached skill level 1 in Conjurations
   891 | D:2      | Reached XP level 3. HP: 16/16 MP: 3/8
   928 | D:2      | Reached skill level 4 in Stealth
  1029 | D:2      | Reached XP level 4. HP: 21/21 MP: 6/10
  1747 | D:2      | Identified the +8 hand axe of the Building Gods {freeze,
                  | rF+++ Str+3 Int-2 SInv}
  2126 | D:3      | Reached XP level 5. HP: 16/24 MP: 11/11
  2216 | D:3      | Found Buyc's Weapon Emporium.
  2277 | D:3      | Noticed Natasha
  2283 | D:3      | Killed Natasha
  2477 | D:3      | Noticed Natasha
  2485 | D:3      | Killed Natasha
  2619 | D:3      | Found a burning altar of Makhleb.
  2624 | D:3      | Noticed Natasha
  2638 | D:3      | Killed Natasha
  2639 | D:3      | Reached skill level 5 in Stealth
  2661 | D:4      | Noticed Robin
  2719 | D:4      | Killed Robin
  2829 | D:4      | Reached XP level 6. HP: 28/28 MP: 13/13
  2923 | D:4      | Learned a level 2 spell: Mercury Vapours
  3050 | D:4      | Found a transporter.
  3050 | D:4      | Noticed Farlane's ghost (novice HOMo)
  3090 | D:4      | Found a transporter.
  3409 | D:4      | Reached skill level 5 in Dodging
  3688 | D:4      | Noticed Eustachio
  3714 | D:4      | Killed Eustachio
  3715 | D:4      | Reached skill level 6 in Stealth
  3715 | D:4      | Reached skill level 5 in Alchemy
  3715 | D:4      | Reached XP level 7. HP: 29/32 MP: 8/15
  4080 | D:5      | Entered Level 5 of the Dungeon
  4115 | D:5      | Reached skill level 5 in Spellcasting
  4507 | D:5      | Reached skill level 7 in Stealth
  4725 | D:5      | Reached XP level 8. HP: 36/36 MP: 7/17
  4794 | D:5      | Found Niacleum's Armour Shoppe.
  4806 | D:5      | Bought a +0 cloak of poison resistance for 127 gold pieces
  5088 | D:6      | Killed from afar by an orc priest

Illustrated notes

Levels and vault maps discovered:
D:1:      nicolae_arrival_washed_ashore, layout_rooms
D:2:      layout_loops_cross, st_stairs_4
D:3:      layout_basic, lightli_temple_of_fire, serial_shops, shop, uniq_natasha
D:4:      layout_basic, gammafunk_ghost_mausoleum, grunt_ministairs_3,
          uniq_robin, uniq_eustachio
D:5:      layout_rooms, serial_shops, nicolae_shop_behind_doors
D:6:      layout_loops_ring, minitemple

Skill      XL: |  1  2  3  4  5  6  7  8 |
---------------+-------------------------+-----
Dodging        | 3 4 5 6 |  6.5
Spellcasting   | 3 4 5 6 |  6.0
Conjurations   | 1 2 |  2.5
Stealth        | 4 5 6 7 |  7.7
Alchemy        | 4 5 |  5.9

Action                     |  1- 3 |  4- 6 |  7- 9 || total
---------------------------+-------+-------+-------++-------
  Melee: Short sword       |     9 |       |       ||     9
         Dagger            |    54 |       |       ||    54
         Hand axe          |       |    96 |    22 ||   118
   Cast: Sting             |    40 |    61 |    71 ||   172
         Mercury Vapours   |       |     6 |     7 ||    13
    Use: Potion            |       |       |     1 ||     1
   Stab: Sleeping          |     1 |    10 |       ||    11
 Armour: Robe              |    24 |    35 |    17 ||    76
         Skin              |       |       |     1 ||     1
  Dodge: Dodged            |    67 |    91 |    31 ||   189
